 Dungeon Crawl Stone Soup version 0.29-a0-824-gd827844252 (webtiles) character file.

Game seed: 2198435542490792982

175 jimonade the Magician (level 5, -8/37 HPs)
             Began as a Gnoll Hedge Wizard on July 11, 2022.
             Mangled by Menkaure (18 damage)
             ... on level 4 of the Dungeon.
             The game lasted 00:11:27 (5216 turns).

jimonade the Magician (Gnoll Hedge Wizard)          Turns: 5216, Time: 00:11:28

Health: -8/37      AC:  3    Str: 11    XL:     5   Next: 55%
Magic:  12/14      EV: 13    Int: 13    God:
Gold:   162        SH:  0    Dex: 12    Spells: 3/18 levels left

rFire   . . .      SeeInvis .   C - +0 halberd (venom)
rCold   . . .      Faith    .   (shield currently unavailable)
rNeg    . . .      Spirit   .   t - +0 robe
rPois   .          Reflect  .   c - +0 hat
rElec   .          Harm     .   J - +0 cloak
rCorr   .          Rampage  .   (no gloves)
Will    .....                   (no boots)
Stlth   +++.......              (no amulet)
HPRegen 0.12/turn               (no ring)
MPRegen 0.14/turn               (no ring)

@: no status effects
A: fangs 1, strong nose, distributed training
a: no special abilities


You were on level 4 of the Dungeon.
You visited 1 branch of the dungeon, and saw 4 of its levels.

You collected 162 gold pieces.

Inventory:

Hand Weapons
 a - a +0 short sword
 b - a +0 sling
 j - a +0 dagger
 C - a +0 halberd of venom (weapon)
Missiles
 h - 43 stones
 D - 4 javelins
Armour
 c - a +0 hat (worn)
 f - a +0 leather armour
 n - a +0 ring mail
 t - a +0 robe (worn)
 y - a +1 chain mail of cold resistance
 F - a +0 plate armour
 J - a +0 cloak (worn)
 K - a +0 scale mail
Magical Staves
 H - a staff of death
Wands
 E - a wand of mindburst (8)
 M - a wand of acid (12)
Scrolls
 g - a scroll of magic mapping {unknown}
 l - a scroll of enchant armour {unknown}
 m - a scroll of fog {unknown}
 q - 3 scrolls of teleportation {unknown}
 s - 4 scrolls of identify {unknown}
 u - a scroll of blinking {unknown}
 v - a scroll of silence {unknown}
 A - a scroll of enchant weapon {unknown}
 B - a scroll of noise {unknown}
 I - a scroll of fear {unknown}
 L - a scroll of immolation {unknown}
Potions
 d - a potion of magic
 e - 2 potions of berserk rage {unknown}
 i - 2 potions of might {unknown}
 k - 2 potions of haste {unknown}
 o - a potion of brilliance {unknown}
 p - a potion of cancellation {unknown}
 r - 3 potions of curing {unknown}
 w - a potion of flight {unknown}
 x - a potion of heal wounds {unknown}
 z - a potion of lignification {unknown}


   Skills:
 + Level 1.6 Fighting
 + Level 1.6 Short Blades
 + Level 1.6 Long Blades
 + Level 1.6 Axes
 + Level 1.6 Maces & Flails
 + Level 1.6 Polearms
 + Level 1.6 Staves
 + Level 1.6 Ranged Weapons
 + Level 1.6 Throwing
 + Level 1.6 Armour
 + Level 4.8 Dodging
 + Level 4.4 Stealth
 + Level 1.6 Shields
 + Level 1.6 Unarmed Combat
 + Level 7.3 Spellcasting
 + Level 2.4 Conjurations
 + Level 1.3 Hexes
 + Level 2.4 Summonings
 + Level 1.3 Necromancy
 + Level 2.4 Translocations
 + Level 1.3 Transmutations
 + Level 1.3 Fire Magic
 + Level 1.3 Ice Magic
 + Level 1.3 Air Magic
 + Level 1.3 Earth Magic
 + Level 1.3 Poison Magic
 + Level 1.8 Invocations
 + Level 1.6 Evocations


You had 3 spell levels left.
You knew the following spells:

 Your Spells              Type           Power      Damage    Failure   Level
a - Magic Dart            Conj           44%        1d5       5%          1
b - Blink                 Tloc           22%        N/A       9%          2
c - Call Imp              Summ           11%        N/A       9%          2
d - Slow                  Hex            32%        N/A       9%          1
e - Conjure Flame         Conj/Fire      9%         6-21      21%         3
f - Mephitic Cloud        Conj/Pois/Air  9%         N/A       22%         3
g - Ignite Poison         Fire/Tmut/Pois 8%         N/A       26%         3

Your spell library contained the following spells:

 Spells                   Type           Power      Damage    Failure   Level
 Freezing Cloud           Conj/Ice/Air   4%         6-21      90%         5


Dungeon Overview and Level Annotations

Branches:
Dungeon (4/15)
 Temple: D:4-7

Altars:

Shops:
D:1 *

Annotations:
D:4 Menkaure


Innate Abilities, Weirdness & Mutations

You have very sharp teeth.
Your uncanny sense of smell can sniff out nearby items.
Your experience applies equally to all skills.


Message History

A hound comes into view.
Menkaure, Prince of Dust comes into view.
Found a wand of mindburst (4).
There is an open door here.
Found a notched glass ring.
Found a stone staircase leading down.
The magic dart hits Menkaure.
Menkaure is lightly damaged.
Menkaure shouts!
Menkaure casts a spell.
Menkaure seems to speed up.
Casting: Magic Dart (safe; 5% risk of failure)
Confirm with . or Enter, or press ? or * to list all spells.
Okay, then.
Casting: Magic Dart (safe; 5% risk of failure)
Confirm with . or Enter, or press ? or * to list all spells.
Aiming: Slow (safe; 9% risk of failure)
Press: ? - help, Shift-Dir - straight line, f/p - Menkaure
Aim: Menkaure (lightly damaged, fast, chance to affect: 46%) Menkaure seems to slow down.
The magic dart hits Menkaure.
Menkaure is lightly damaged.
You reach to attack!
You hit Menkaure.
Menkaure is lightly damaged.
You slash Menkaure! Your bite misses Menkaure.
Menkaure is heavily damaged.
Menkaure hits you!!
Ouch! That really hurt!
You barely miss Menkaure.
Menkaure is heavily damaged.
Menkaure barely misses you.
You slash Menkaure!
Menkaure is almost destroyed.
Menkaure calls on the powers of darkness!
Your body is wracked with pain!
* * * LOW HITPOINT WARNING * * *
You hit Menkaure.
Menkaure is almost destroyed.
Menkaure murmurs in an indecipherable tongue.
Menkaure hits you!!
You die...

#.. ... >. #.# .# #.# .#
#.# .# #.#######.# .######
#.......#.# .......
#########.#.#######.......
.......<<......@M.........
####.#.###.#########.......
...#.#.# #.# ####./.....
##.#.#.###'#####......#####
#.#.#.##...)........M.
#.#....'..............#
#.....##..............=
########.............#.#
#.............


You could see Menkaure (fast, slow).

Vanquished Creatures
  Terence (D:3)
  A gnoll (D:2)
  2 adders
  A shadow imp (D:3)
  2 worms
  2 dart slugs
  7 ball pythons
  7 endoplasms
  2 giant cockroaches
  5 goblins
  9 hobgoblins
  11 jackals (D:1)
  6 quokkas
  5 bats
  2 frilled lizards
  8 kobolds
  2 rats
73 creatures vanquished.

Vanquished Creatures (collateral kills)
  2 gnolls (D:2)
2 creatures vanquished.

Grand Total: 75 creatures vanquished

Notes
Turn   | Place    | Note
-------+----------+-------------------------------------------
     0 | D:1      | jimonade the Gnoll Hedge Wizard began the quest for the
                  | Orb.
     0 | D:1      | Reached XP level 1. HP: 13/13 MP: 8/8
    73 | D:1      | Found Haown's General Store.
   238 | D:1      | Reached XP level 2. HP: 19/19 MP: 3/10
   242 | D:1      | Learned a level 2 spell: Blink
   765 | D:1      | Reached XP level 3. HP: 25/25 MP: 3/11
  1070 | D:1      | Reached skill level 1 in Invocations
  1687 | D:2      | Reached skill level 1 in Fighting
  1687 | D:2      | Reached skill level 1 in Short Blades
  1687 | D:2      | Reached skill level 1 in Long Blades
  1687 | D:2      | Reached skill level 1 in Axes
  1687 | D:2      | Reached skill level 1 in Maces & Flails
  1687 | D:2      | Reached skill level 1 in Polearms
  1687 | D:2      | Reached skill level 1 in Staves
  1687 | D:2      | Reached skill level 1 in Ranged Weapons
  1687 | D:2      | Reached skill level 1 in Throwing
  1687 | D:2      | Reached skill level 1 in Armour
  1687 | D:2      | Reached skill level 1 in Shields
  1687 | D:2      | Reached skill level 1 in Unarmed Combat
  1687 | D:2      | Reached skill level 1 in Evocations
  1891 | D:2      | Reached XP level 4. HP: 32/32 MP: 8/13
  2116 | D:2      | Learned a level 2 spell: Call Imp
  2118 | D:2      | Learned a level 1 spell: Slow
  2215 | D:2      | Reached skill level 1 in Hexes
  2215 | D:2      | Reached skill level 1 in Necromancy
  2215 | D:2      | Reached skill level 1 in Transmutations
  2215 | D:2      | Reached skill level 1 in Fire Magic
  2215 | D:2      | Reached skill level 1 in Ice Magic
  2215 | D:2      | Reached skill level 1 in Air Magic
  2215 | D:2      | Reached skill level 1 in Earth Magic
  2215 | D:2      | Reached skill level 1 in Poison Magic
  3583 | D:2      | Learned a level 3 spell: Conjure Flame
  3587 | D:2      | Learned a level 3 spell: Mephitic Cloud
  3868 | D:3      | Noticed Terence
  3878 | D:3      | Killed Terence
  3879 | D:3      | Reached XP level 5. HP: 20/37 MP: 10/14
  5123 | D:4      | Learned a level 3 spell: Ignite Poison
  5166 | D:4      | Noticed a lemure
  5187 | D:4      | Noticed Menkaure
  5216 | D:4      | Mangled by Menkaure

Illustrated notes

Levels and vault maps discovered:
D:1:      lightli_arrival_boilingwater, layout_loops_ring, serial_shops, shop,
          grunt_decor_one_mirror, roderic_serpentine_path
D:2:      layout_loops_corners
D:3:      layout_loops_ring, minmay_unequal, uniq_terence
D:4:      layout_basic, trog_butcher_becter, uniq_pikel, uniq_menkaure

Skill      XL: |  1  2  3  4 |
---------------+-------------+-----
Conjurations   | 2 |  2.4
Summonings     | 2 |  2.4
Translocations | 2 |  2.4
Invocations    | 1 |  1.8
Fighting       | 1 |  1.6
Short Blades   | 1 |  1.6
Long Blades    | 1 |  1.6
Axes           | 1 |  1.6
Maces & Flails | 1 |  1.6
Polearms       | 1 |  1.6
Staves         | 1 |  1.6
Ranged Weapons | 1 |  1.6
Throwing       | 1 |  1.6
Armour         | 1 |  1.6
Shields        | 1 |  1.6
Unarmed Combat | 1 |  1.6
Evocations     | 1 |  1.6
Hexes          | 1 |  1.3
Necromancy     | 1 |  1.3
Transmutations | 1 |  1.3
Fire Magic     | 1 |  1.3
Ice Magic      | 1 |  1.3
Air Magic      | 1 |  1.3
Earth Magic    | 1 |  1.3
Poison Magic   | 1 |  1.3
Dodging        | |  4.8
Stealth        | |  4.4
Spellcasting   | |  7.3

Action                   |  1- 3 |  4- 6 || total
-------------------------+-------+-------++-------
Melee: Short sword       |    50 |     4 ||    54
       Dagger            |     1 |       ||     1
       Bite              |     1 |       ||     1
       Halberd           |       |    32 ||    32
 Cast: Magic Dart        |    91 |   107 ||   198
       Call Imp          |       |     8 ||     8
       Slow              |       |     2 ||     2
       Blink             |       |     1 ||     1
 Stab: Sleeping          |     1 |     1 ||     2
Armor: Robe              |    18 |     9 ||    27
Dodge: Dodged            |    68 |    29 ||    97

Table legend: (Time is in decaauts)
 A = Elapsed time spent in this place.
 B = Non-inter-level travel time spent in this place.
 C = Inter-level travel time spent in this place.
 D = Time resting spent in this place.
 E = Time spent auto-exploring this place.
 F = Levels seen in this place.
 G = Mean time per level.
                   A        B        C        D        E       F      G
               +--------+--------+--------+--------+--------+-----+--------+
         Total |   5235 |   5077 |    158 |   1060 |   2968 |   4 | 1308.8 |
       Dungeon |   5235 |   5077 |    158 |   1060 |   2968 |   4 | 1308.8 |
               +--------+--------+--------+--------+--------+-----+--------+

Top non-repeatable levels by time:
     D:2: 2085 daAuts
     D:1: 1931 daAuts
     D:3: 1116 daAuts
     D:4: 102 daAuts
